Map: Dusk Towers

Players

Peter - Winner!

  • Race: Protoss Protoss
  • League: Diamond

LilDicky

  • Race: Terran Terran
  • League: Diamond

VOD

http://www.twitch.tv/tumescentpie

Description

Time

  • Played on: Dec. 3, 2015, 12:16 p.m.
  • Length: 6:20
Show
View Real Time Build Order
Export as new Build Order

Peter Protoss - Winner!

Build Orders: Oracle Opening 

Get SALT Encoding   

  12  0:00  Probe (Chrono Boost)  
  13  0:11  Probe (Chrono Boost)  
  14  0:18  Pylon  
  14  0:22  Probe (Chrono Boost)  
  15  0:36  Probe (Chrono Boost)  
  15  0:37  Gateway  
  16  0:44  Assimilator  
  16  0:46  Probe (Chrono Boost)  
  17  0:57  Probe (Chrono Boost)  
  17  1:03  Assimilator  
  18  1:08  Probe (Chrono Boost)  
  19  1:13  Pylon  
  20  1:18  Probe (Chrono Boost)  
  20  1:24  Cybernetics Core  
  20  1:29  Probe (Chrono Boost)  
  21  1:33  Pylon  
  21  1:39  Probe (Chrono Boost)  
  22  1:50  Probe (Chrono Boost)  
  22  1:53  Pylon  
  23  2:01  Mothership Core (Chrono Boost)  
  25  2:03  Adept (Chrono Boost)  
  25  2:06  Warp Gate  
  27  2:21  Probe  
  27  2:22  Stargate  
  30  2:30  Adept (Chrono Boost)  
  30  2:36  Probe  
  31  2:46  Pylon  
  31  2:53  Adept (Chrono Boost)  
  33  3:08  Oracle (Chrono Boost)  
  36  3:17  Adept (Chrono Boost)  
  38  3:21  Probe  
  39  3:42  Adept, Pylon, Oracle (Chrono Boost)  
  39  3:46  Pylon  
  44  3:52  Pylon  
  44  4:05  Pylon  
  44  4:08  Pylon  
  44  4:13  Oracle (Chrono Boost)  
  47  4:29  Probe  
  48  4:36  Nexus  
  44  4:41  Probe  
  44  4:44  Oracle (Chrono Boost)  
  41  4:59  Mothership Core  
  38  5:20  Probe  
  33  5:32  Probe  
  34  5:44  Probe  
  34  5:48  Robotics Facility, Assimilator  
  35  5:51  Gateway  
  35  5:52  Assimilator  
  35  5:56  Gateway, Probe  
  36  5:57  Probe  
  36  6:00  Pylon  
  37  6:06  Stalker  
Show
View Real Time Build Order
Export as new Build Order

LilDicky Terran 

Build Orders: MMM Bio 

Get SALT Encoding   

  12  0:02  SCV  
  13  0:14  SCV  
  13  0:19  Supply Depot  
  14  0:27  SCV  
  15  0:40  SCV, Refinery  
  16  0:45  Barracks  
  16  0:54  SCV  
  17  1:06  SCV  
  18  1:19  SCV  
  20  1:33  Marine  
  20  1:34  Supply Depot  
  20  1:35  Orbital Command  
  20  1:44  Factory  
  20  1:52  Marine  
  21  2:00  SCV  
  22  2:07  Barracks  
  22  2:08  Barracks  
  22  2:10  Barracks Reactor  
  22  2:13  SCV  
  23  2:19  Refinery  
  23  2:25  SCV  
  24  2:34  Supply Depot  
  24  2:37  SCV  
  25  2:52  Widow Mine  
  25  2:54  SCV  
  25  2:55  Barracks Tech Lab  
  25  2:56  Barracks Tech Lab, Marine x2  
  30  3:01  Supply Depot  
  30  3:20  Combat Shields  
  30  3:21  Stimpack  
  28  3:28  Marine x2  
  28  3:29  SCV, Marauder x2  
  35  3:37  Supply Depot  
  35  3:46  Marine  
  35  3:56  Widow Mine  
  32  4:08  Marine x4  
  30  4:26  Marine x2  
  32  4:32  Marine x2  
  34  4:44  Marine x2  
  35  4:50  Marauder x2  
  30  5:12  Marauder  
  25  5:14  Concussive Shells  
  23  5:23  SCV  
  24  5:35  SCV  
  23  5:36  Marine  
  25  5:48  SCV, Marine  
  26  5:54  Marine  
  27  5:58  Command Center  
Tags
 
Add a new tag
Caveats
  • Supply blocks, unpowered buildings, or Contaminate may cause inaccurate times.
  • Supply counts are checked every 10 seconds.